ESL (28 & UNDER)
KINGSTON IGUANAS @ PENQUANNOCK OVERRATED JETER
08/21/2030
 
TOP OF THE 1ST
Kingston Iguanas batting - Pitching for Penquannock Overrated Jeter : RHP César Villanueva
Pitching: RHP César Villanueva
Batting: RHB Ron Campbell 0-0: Ball
1-0: Ball
2-0: Called Strike
2-1: Ball
3-1: Ground out 4-3 (Groundball, 4)
Batting: LHB Henry Durham 0-0: Foul Ball, location: 2F
0-1: Ball
1-1: Ball
2-1: Fly out, F9 (Line Drive, 9)
Batting: LHB Gustavo Gómez 0-0: Ball
1-0: Ball
2-0: Ball
3-0: Base on Balls
Batting: LHB Marvin MacGruder 0-0: Fly out, F8 (Flyball, 8LXD)
Top of the 1st over - 0 runs, 0 hits, 0 errors, 1 left on base; Kingston 0 - Penquannock 0
BOTTOM OF THE 1ST
Penquannock Overrated Jeter batting - Pitching for Kingston Iguanas : LHP José Ulerio
Pitching: LHP José Ulerio
Batting: SHB Martin Goodwin 0-0: Ball
1-0: Swinging Strike
1-1: Foul Ball, location: 2F
1-2: Ball
2-2: Ball
3-2: Ground out 5-3 (Groundball, 5)
Batting: RHB Phil Wright 0-0: SINGLE (Line Drive, 9S)
Batting: RHB Gary Wyatt 0-0: Called Strike
0-1: Ball
1-1: Ball
2-1: Swinging Strike
2-2: Strikes out swinging
Batting: LHB Félix Costa 0-0: Ball
1-0: Called Strike
1-1: Called Strike
1-2: Foul Ball, location: 2F
1-2: Strikes out swinging
Bottom of the 1st over - 0 runs, 1 hit, 0 errors, 1 left on base; Kingston 0 - Penquannock 0
TOP OF THE 2ND
Kingston Iguanas batting - Pitching for Penquannock Overrated Jeter : RHP César Villanueva
Batting: RHB Andrés Bustamante 0-0: Ball
1-0: Swinging Strike
1-1: Foul Ball, location: 2F
1-2: SINGLE (Groundball, 4D)
Batting: RHB Manuel Gómez 0-0: Ball
1-0: Called Strike
1-1: Ball
2-1: Ball
3-1: Swinging Strike
3-2: Foul Ball, location: 2F
3-2: Strikes out swinging
Batting: RHB Sergio Mata 0-0: Called Strike
0-1: DOUBLE (Line Drive, 78M)
Andrés Bustamante to third
Batting: RHB Pepe González 0-0: Called Strike
0-1: Called Strike
0-2: Ball
1-2: Ball
2-2: Strikes out swinging
Batting: RHB Argan Kamuliva 0-0: Ball
1-0: Foul Ball, location: 2F
1-1: Foul Ball, location: 2F
1-2: Ball
2-2: Ball
3-2: Base on Balls
Batting: RHB Ron Campbell 0-0: Called Strike
0-1: Ball
1-1: Ball
2-1: Swinging Strike
2-2: Foul Ball, location: 2F
2-2: Strikes out swinging
Top of the 2nd over - 0 runs, 2 hits, 0 errors, 3 left on base; Kingston 0 - Penquannock 0
BOTTOM OF THE 2ND
Penquannock Overrated Jeter batting - Pitching for Kingston Iguanas : LHP José Ulerio
Batting: SHB Cristián López 0-0: Ground out 5-3 (Groundball, 56S)
Batting: RHB Manny Perea 0-0: Foul Ball, location: 2F
0-1: Foul Ball, location: 2F
0-2: Ball
1-2: Foul Ball, location: 2F
1-2: Fly out, F7 (Line Drive, 7LS)
Batting: LHB José Morales 0-0: Foul Ball, location: 2F
0-1: Ball
1-1: SINGLE (Line Drive, 4MD)
Batting: RHB Bobby Hendricks 0-0: Swinging Strike
0-1: Ball
1-1: Foul Ball, location: 2F
1-2: SINGLE (Groundball, 6MD)
José Morales to second
Batting: RHB Theodore Burns 0-0: Ball
1-0: Ball
2-0: Ball
3-0: Base on Balls
José Morales to third
Bobby Hendricks to second
Batting: SHB Martin Goodwin 0-0: Ball
1-0: Ball
2-0: Ball
3-0: Foul Ball, location: 2F
3-1: Foul Ball, location: 2F
3-2: Foul Ball, location: 2F
3-2: Ground out 5-3 (Groundball, 56S)
Bottom of the 2nd over - 0 runs, 2 hits, 0 errors, 3 left on base; Kingston 0 - Penquannock 0
TOP OF THE 3RD
Kingston Iguanas batting - Pitching for Penquannock Overrated Jeter : RHP César Villanueva
Batting: LHB Henry Durham 0-0: Ground out 5-3 (Groundball, 56)
Batting: LHB Gustavo Gómez 0-0: Called Strike
0-1: Foul Ball, location: 2F
0-2: Ball
1-2: Strikes out swinging
Batting: LHB Marvin MacGruder 0-0: Ball
1-0: Ball
2-0: Ball
3-0: Base on Balls
Batting: RHB Andrés Bustamante 0-0: Called Strike
0-1: SINGLE (Line Drive, 8RS)
Marvin MacGruder to second
Runner from 2nd tries for 3rd, OUT!
Top of the 3rd over - 0 runs, 1 hit, 0 errors, 1 left on base; Kingston 0 - Penquannock 0
BOTTOM OF THE 3RD
Penquannock Overrated Jeter batting - Pitching for Kingston Iguanas : LHP José Ulerio
Batting: RHB Phil Wright 0-0: Ball
1-0: Called Strike
1-1: Foul Ball, location: 2F
1-2: Strikes out swinging
Batting: RHB Gary Wyatt 0-0: Swinging Strike
0-1: Ball
1-1: Ball
2-1: Swinging Strike
2-2: Ball
3-2: Base on Balls
Batting: LHB Félix Costa 0-0: Ground out 5-3 (Groundball, 56S)
Gary Wyatt to second
Batting: SHB Cristián López 0-0: Ball
1-0: Ball
2-0: Foul Ball, location: 2F
2-1: Ground out U3 (Groundball, 3)
Bottom of the 3rd over - 0 runs, 0 hits, 0 errors, 1 left on base; Kingston 0 - Penquannock 0
TOP OF THE 4TH
Kingston Iguanas batting - Pitching for Penquannock Overrated Jeter : RHP César Villanueva
Batting: RHB Manuel Gómez 0-0: Ball
1-0: Foul Ball, location: 2F
1-1: SOLO HOME RUN (Flyball, 7D), Distance : 376 ft
Pitching: RHP Gilbert Bright
Batting: RHB Sergio Mata 0-0: Foul Ball, location: 2F
0-1: Ground out 6-3 (Groundball, 56)
Batting: RHB Pepe González 0-0: Ball
1-0: Ball
2-0: Ball
3-0: Called Strike
3-1: Foul Ball, location: 2F
3-2: SINGLE (Groundball, 6) (infield hit)
Batting: RHB Argan Kamuliva 0-0: Called Strike
0-1: Foul Ball, location: 2F
0-2: Foul Ball, location: 2F
0-2: Fielders Choice at 2nd, 4-6 (Groundball, 4)
Batting: RHB Ron Campbell 0-0: Ball
Wild Pitch!
Argan Kamuliva to second
1-0: Called Strike
1-1: SINGLE (Groundball, 56D)
Argan Kamuliva to third
Runner from 3rd tries for Home, SAFE, throw made home
Batting: LHB Henry Durham 0-0: Called Strike
Ron Campbell steals 2nd base
0-1: SINGLE (Flyball, 89M)
Ron Campbell to third
Runner from 3rd tries for Home, SAFE, throw made home
Batting: LHB Gustavo Gómez 0-0: Ball
1-0: 2-RUN HOME RUN (Flyball, 9LD), Distance : 354 ft
Batting: LHB Marvin MacGruder 0-0: Ball
1-0: Called Strike
1-1: Ball
2-1: Ball
3-1: Called Strike
3-2: DOUBLE (Flyball, 8RXD)
Batting: RHB Andrés Bustamante 0-0: Ball
1-0: Fly out, F9 (Flyball, 9)
Top of the 4th over - 5 runs, 6 hits, 0 errors, 1 left on base; Kingston 5 - Penquannock 0
BOTTOM OF THE 4TH
Penquannock Overrated Jeter batting - Pitching for Kingston Iguanas : LHP José Ulerio
Batting: RHB Manny Perea 0-0: Foul Ball, location: 2F
0-1: Swinging Strike
0-2: Ball
1-2: Ball
2-2: Foul Ball, location: 2F
2-2: Ball
3-2: Single, Error in OF, E9, batter to second base
Batting: LHB José Morales 0-0: Ball
1-0: Ball
2-0: Ball
3-0: Called Strike
3-1: Called Strike
3-2: Foul Ball, location: 2F
3-2: Strikes out swinging
Batting: RHB Bobby Hendricks 0-0: Ball
1-0: Foul Ball, location: 2F
1-1: Foul Ball, location: 2F
1-2: Ball
2-2: Fly out, F7 (Flyball, 7D)
Batting: RHB Theodore Burns 0-0: Ball
1-0: Ball
2-0: Called Strike
2-1: Foul Ball, location: 2F
2-2: Foul Ball, location: 2F
2-2: Strikes out looking
Bottom of the 4th over - 0 runs, 1 hit, 1 error, 1 left on base; Kingston 5 - Penquannock 0
TOP OF THE 5TH
Kingston Iguanas batting - Pitching for Penquannock Overrated Jeter : RHP Gilbert Bright
Batting: RHB Manuel Gómez 0-0: Called Strike
0-1: Ball
1-1: Foul Ball, location: 2F
1-2: Ground out 6-3 (Groundball, 6)
Batting: RHB Sergio Mata 0-0: Ball
1-0: DOUBLE (Groundball, 5L)
Batting: RHB Pepe González 0-0: Ball
1-0: Ball
2-0: Ball
3-0: Called Strike
3-1: Foul Ball, location: 2F
3-2: Base on Balls
Batting: RHB Argan Kamuliva 0-0: Swinging Strike
0-1: Ball
1-1: SINGLE (Groundball, 34D)
Sergio Mata to third
Pepe González to second
Runner from 3rd tries for Home, SAFE, no throw
Batting: RHB Ron Campbell 0-0: Foul Ball, location: 2F
0-1: Foul Ball, location: 2F
0-2: Foul Ball, location: 2F
0-2: Strikes out looking
Batting: LHB Henry Durham 0-0: Foul Ball, location: 2F
0-1: Ball
1-1: Ball
2-1: Ball
3-1: Foul Ball, location: 2F
3-2: Strikes out swinging
Top of the 5th over - 1 run, 2 hits, 0 errors, 2 left on base; Kingston 6 - Penquannock 0
BOTTOM OF THE 5TH
Penquannock Overrated Jeter batting - Pitching for Kingston Iguanas : LHP José Ulerio
Batting: SHB Martin Goodwin 0-0: Ball
1-0: Ball
2-0: Foul Ball, location: 2F
2-1: Ball
3-1: Base on Balls
Batting: RHB Phil Wright 0-0: Called Strike
0-1: Foul Ball, location: 2F
0-2: Ball
1-2: Ball
2-2: Ball
3-2: Base on Balls
Martin Goodwin to second
Batting: RHB Gary Wyatt 0-0: Ball
1-0: Ball
2-0: Called Strike
2-1: Fly out, F3 (Line Drive, 3)
Batting: LHB Félix Costa 0-0: Called Strike
0-1: Ball
1-1: Ball
2-1: Ground out 6-3 (Groundball, 6MS)
Martin Goodwin to third
Phil Wright to second
Pitching: RHP Jim Snyder
Batting: SHB Cristián López 0-0: Ball
1-0: Called Strike
1-1: Ball
2-1: Ball
3-1: Swinging Strike
3-2: Foul Ball, location: 2F
3-2: Strikes out swinging
Bottom of the 5th over - 0 runs, 0 hits, 0 errors, 2 left on base; Kingston 6 - Penquannock 0
TOP OF THE 6TH
Kingston Iguanas batting - Pitching for Penquannock Overrated Jeter : RHP Gilbert Bright
Batting: LHB Gustavo Gómez 0-0: Foul Ball, location: 2F
0-1: SINGLE (Flyball, 7S)
Batting: LHB Marvin MacGruder 0-0: Foul Ball, location: 2F
0-1: Ball
1-1: Called Strike
1-2: Ball
2-2: Strikes out swinging
Batting: RHB Andrés Bustamante 0-0: Ball
1-0: Called Strike
1-1: Ball
Wild Pitch!
Gustavo Gómez to second
2-1: Foul Ball, location: 2F
2-2: Foul Ball, location: 2F
2-2: Strikes out swinging
Batting: RHB Manuel Gómez 0-0: Ball
1-0: Fly out, F8 (Line Drive, 8RD)
Top of the 6th over - 0 runs, 1 hit, 0 errors, 1 left on base; Kingston 6 - Penquannock 0
BOTTOM OF THE 6TH
Penquannock Overrated Jeter batting - Pitching for Kingston Iguanas : RHP Jim Snyder
Batting: RHB Manny Perea 0-0: Called Strike
0-1: Ball
1-1: Ball
2-1: Ball
3-1: SINGLE (Groundball, 56D)
Batting: LHB José Morales 0-0: Called Strike
0-1: Foul Ball, location: 2F
0-2: Ball
1-2: Ball
2-2: Ball
3-2: SINGLE (Groundball, 6MD)
Manny Perea to second
Batting: RHB Bobby Hendricks 0-0: Fly out, F7 (Flyball, 7LS)
Batting: RHB Theodore Burns 0-0: Ball
1-0: Swinging Strike
1-1: Swinging Strike
1-2: Ball
2-2: Ball
3-2: Strikes out swinging
Pitching: RHP Pablo Suárez
Batting: SHB Martin Goodwin 0-0: Ball
1-0: Foul Ball, location: 2F
1-1: Called Strike
1-2: Ground out U3 (Groundball, 3)
Bottom of the 6th over - 0 runs, 2 hits, 0 errors, 2 left on base; Kingston 6 - Penquannock 0
TOP OF THE 7TH
Kingston Iguanas batting - Pitching for Penquannock Overrated Jeter : RHP Gilbert Bright
Batting: RHB Sergio Mata 0-0: Foul Ball, location: 2F
0-1: Called Strike
0-2: Ball
1-2: Fly out, F6 (Popup, 6S)
Batting: RHB Pepe González 0-0: Called Strike
0-1: Fly out, F8 (Flyball, 8LM)
Batting: RHB Argan Kamuliva 0-0: Ball
1-0: Foul Ball, location: 2F
1-1: Ball
2-1: Foul Ball, location: 2F
2-2: SINGLE (Groundball, 56D)
Batting: RHB Ron Campbell 0-0: Called Strike
Argan Kamuliva steals 2nd base
0-1: Ball
1-1: Ground out 4-3 (Groundball, 4)
Top of the 7th over - 0 runs, 1 hit, 0 errors, 1 left on base; Kingston 6 - Penquannock 0
BOTTOM OF THE 7TH
Penquannock Overrated Jeter batting - Pitching for Kingston Iguanas : RHP Pablo Suárez
Batting: RHB Phil Wright 0-0: Called Strike
0-1: SINGLE (Flyball, 89S)
Batting: RHB Gary Wyatt 0-0: SINGLE (Line Drive, 89M)
Phil Wright to second
Batting: LHB Félix Costa 0-0: Ball
1-0: Fielders Choice at 2nd, 4-6 (Groundball, 4)
Phil Wright to third
Batting: SHB Cristián López 0-0: Ball
1-0: Ball
2-0: Fielders Choice at 2nd, 4-6 (Groundball, 4)
Phil Wright scores
Batting: RHB Manny Perea 0-0: Called Strike
0-1: Ball
1-1: Ball
Wild Pitch!
Cristián López to second
2-1: Ground out 6-3 (Groundball, 6)
Bottom of the 7th over - 1 run, 2 hits, 0 errors, 1 left on base; Kingston 6 - Penquannock 1
TOP OF THE 8TH
Kingston Iguanas batting - Pitching for Penquannock Overrated Jeter : RHP Gilbert Bright
Batting: LHB Henry Durham 0-0: Foul Ball, location: 2F
0-1: Ball
1-1: Ball
2-1: SINGLE (Flyball, 7LS)
Batting: LHB Gustavo Gómez 0-0: Ball
1-0: Foul Ball, location: 2F
1-1: SINGLE (Groundball, 34D)
Henry Durham to second
Runner from 2nd tries for 3rd, SAFE, no throw
Batting: LHB Marvin MacGruder Pickoff Throw to First - Error! E1
Henry Durham scores
Gustavo Gómez to second
0-0: Called Strike
0-1: Swinging Strike
0-2: Ball
1-2: Ball
Wild Pitch!
Gustavo Gómez to third
2-2: Strikes out swinging
Batting: RHB Andrés Bustamante 0-0: Foul Ball, location: 2F
0-1: Ball
1-1: Ball
2-1: Ball
3-1: Base on Balls
Pitching: RHP Leonard Christensen
Batting: RHB Manuel Gómez 0-0: Ball
1-0: Called Strike
1-1: Foul Ball, location: 2F
1-2: Fielders Choice at 2nd, 4-6 (Groundball, 4)
Gustavo Gómez scores
Batting: RHB Sergio Mata 0-0: Ball
1-0: Foul Ball, location: 2F
1-1: Ball
2-1: SINGLE (Line Drive, 7S)
Manuel Gómez to second
Batting: RHB Pepe González 0-0: Ball
1-0: Ball
2-0: Called Strike
2-1: Foul Ball, location: 2F
2-2: Foul Ball, location: 2F
2-2: Strikes out swinging
Top of the 8th over - 2 runs, 3 hits, 1 error, 2 left on base; Kingston 8 - Penquannock 1
BOTTOM OF THE 8TH
Penquannock Overrated Jeter batting - Pitching for Kingston Iguanas : RHP Pablo Suárez
Batting: LHB José Morales 0-0: Ground out 4-3 (Groundball, 4D)
Batting: RHB Bobby Hendricks 0-0: Called Strike
0-1: Ball
1-1: Swinging Strike
1-2: Ball
2-2: Ground out 4-3 (Groundball, 4M)
Batting: RHB Theodore Burns 0-0: Ball
1-0: Foul Ball, location: 2F
1-1: Called Strike
1-2: Strikes out swinging
Bottom of the 8th over - 0 runs, 0 hits, 0 errors, 0 left on base; Kingston 8 - Penquannock 1
TOP OF THE 9TH
Kingston Iguanas batting - Pitching for Penquannock Overrated Jeter : RHP Leonard Christensen
Batting: RHB Argan Kamuliva 0-0: Ball
1-0: Ball
2-0: Ball
3-0: Called Strike
3-1: Foul Ball, location: 2F
3-2: Fly out, F3 (Popup, 3SF)
Batting: RHB Ron Campbell 0-0: Ball
1-0: Ball
2-0: Ball
3-0: Base on Balls
Batting: LHB Henry Durham 0-0: Ball
1-0: SINGLE (Line Drive, 6MD)
Ron Campbell to second
Batting: LHB Gustavo Gómez 0-0: Called Strike
0-1: Ball
1-1: Ball
Henry Durham steals 2nd base
Ron Campbell to third
2-1: Called Strike
2-2: Foul Ball, location: 2F
2-2: Strikes out swinging
Batting: LHB Marvin MacGruder 0-0: Called Strike
0-1: Swinging Strike
0-2: Strikes out swinging
Top of the 9th over - 0 runs, 1 hit, 0 errors, 2 left on base; Kingston 8 - Penquannock 1
BOTTOM OF THE 9TH
Penquannock Overrated Jeter batting - Pitching for Kingston Iguanas : RHP Pablo Suárez
Now at 1B: Rubén Hernández
Batting: SHB Martin Goodwin 0-0: Ball
1-0: Ground out 4-3 (Groundball, 4M)
Batting: RHB Phil Wright 0-0: Called Strike
0-1: Ball
1-1: Ball
2-1: Called Strike
2-2: SINGLE (Groundball, 56D)
Batting: RHB Gary Wyatt 0-0: Ball
1-0: Swinging Strike
1-1: Foul Ball, location: 2F
1-2: Strikes out looking
Pinch Hitting: LHB Francisco Medina 0-0: Ball
1-0: Called Strike
1-1: Ball
2-1: Ground out 4-3 (Groundball, 4S)
Bottom of the 9th over - 0 runs, 1 hit, 0 errors, 1 left on base; Kingston 8 - Penquannock 1
Saturday, April 7th, 2018 - OOTP Baseball 18.8 Build 76